[Event "44th Chess Olympiad Women 2022"]
[Site "Chennai"]
[Date "2022.08.10"]
[Round "11.1"]
[White "Koneru, Humpy"]
[Black "Tokhirjonova, Gulrukhbegim"]
[Result "1/2-1/2"]
[ECO "D85"]
[WhiteElo "2586"]
[BlackElo "2329"]
[Annotator "ChessBase"]
[PlyCount "80"]
[EventDate "2022.07.29"]
[EventType "team-tourn"]
[EventCountry "IND"]
[SourceTitle "playchess.com"]
[Source "ChessBase"]
[SourceQuality "1"]
[WhiteTeam "India"]
[BlackTeam "United States"]
[WhiteTeamCountry "IND"]
[BlackTeamCountry "USA"]
[TimeControl "40/5400+30:1800+30"]

1. d4 Nf6 2. c4 g6 3. Nc3 d5 4. cxd5 Nxd5 5. e4 Nxc3 6. bxc3 Bg7 7. Qa4+ Nd7 8. Nf3 O-O 9. Qa3 e5 10. Bg5 Bf6 11. Bxf6 Qxf6 12. Bd3 exd4 13. cxd4 c5 14. e5 Qe7 15. O-O Re8 16. e6 fxe6 17. Rfe1 cxd4 18. Qb2 Nc5 19. Bc4 d3 20. Ne5 Rd8 21. Rad1 Qg7 22. h4 b6 23. Re3 Bb7 24. h5 g5 25. h6 Qxh6 26. Nxd3 Qg7 27. Qc1 Bd5 28. Nxc5 Bxc4 29. Rxd8+ Rxd8 30. Qxc4 bxc5 31. Qxe6+ Kh8 32. Qc6 Qa1+ 33. Kh2 Qd4 34. g3 Rf8 35. Kg2 Qf6 36. Qxf6+ Rxf6 37. Re8+ Kg7 38. Rc8 Ra6 39. Rxc5 Kf6 40. Rc2 h5 1/2-1/2

[Event "44th Chess Olympiad Women 2022"]
[Site "Chennai"]
[Date "2022.08.10"]
[Round "11.1"]
[White "Krush, Irina"]
[Black "Vaishali R"]
[Result "1/2-1/2"]
[ECO "D85"]
[WhiteElo "2430"]
[BlackElo "2442"]
[Annotator "ChessBase"]
[PlyCount "88"]
[EventDate "2022.07.29"]
[EventType "team-tourn"]
[EventCountry "IND"]
[SourceTitle "playchess.com"]
[Source "ChessBase"]
[SourceQuality "1"]
[WhiteTeam "United States"]
[BlackTeam "India"]
[WhiteTeamCountry "USA"]
[BlackTeamCountry "IND"]
[TimeControl "40/5400+30:1800+30"]

1. d4 Nf6 2. c4 g6 3. Nc3 d5 4. cxd5 Nxd5 5. e4 Nxc3 6. bxc3 Bg7 7. Be3 c5 8. Rc1 Qa5 9. Qd2 O-O 10. Nf3 Nd7 11. Bd3 e5 12. d5 f5 13. Qe2 fxe4 14. Bxe4 Nf6 15. d6 Kh8 16. Ng5 h6 17. h4 Nxe4 18. Nxe4 b6 19. O-O Qa4 20. f3 Bf5 21. c4 Qc6 22. Qd3 Rad8 23. Rcd1 Rf6 24. Qd5 Qxd5 25. Rxd5 Bxe4 26. fxe4 Rxf1+ 27. Kxf1 Kg8 28. g4 Kf7 29. h5 g5 30. Bf2 Ke6 31. Bg3 Rxd6 32. Rxd6+ Kxd6 33. Ke2 Bf6 34. Kd3 Bd8 35. a4 Bc7 36. Kc3 Kc6 37. Kb3 Bd6 38. Bf2 a6 39. Be3 b5 40. axb5+ axb5 41. Bd2 Bc7 42. Bc3 Bd6 43. Bd2 Bc7 44. Bc3 Bd6 1/2-1/2

[Event "44th Chess Olympiad Women 2022"]
[Site "Chennai"]
[Date "2022.08.10"]
[Round "11.1"]
[White "Tania, Sachdev"]
[Black "Yip, Carissa"]
[Result "0-1"]
[ECO "E92"]
[WhiteElo "2399"]
[BlackElo "2416"]
[Annotator "ChessBase"]
[PlyCount "92"]
[EventDate "2022.07.29"]
[EventType "team-tourn"]
[EventCountry "IND"]
[SourceTitle "playchess.com"]
[Source "ChessBase"]
[SourceQuality "1"]
[WhiteTeam "India"]
[BlackTeam "United States"]
[WhiteTeamCountry "IND"]
[BlackTeamCountry "USA"]
[TimeControl "40/5400+30:1800+30"]

1. d4 Nf6 2. c4 g6 3. Nc3 Bg7 4. e4 d6 5. Be2 O-O 6. Nf3 e5 7. d5 a5 8. Bg5 Na6 9. Nd2 Nc5 10. h4 h6 11. Be3 h5 12. f3 Bd7 13. Nb3 Na4 14. Nxa4 Bxa4 15. c5 Nd7 16. cxd6 cxd6 17. Qd2 f5 18. exf5 gxf5 19. Bh6 Bxb3 20. axb3 Nc5 21. Ra3 f4 22. Bxg7 Kxg7 23. b4 axb4 24. Qxb4 Rxa3 25. bxa3 Qf6 26. Qb6 e4 27. O-O e3 28. Rc1 Rg8 29. Rc4 Kh8 30. Bf1 Rg6 31. Qc7 Qxh4 32. Qc8+ Kg7 33. Rc2 Qe7 34. Bd3 Rf6 35. Be4 Rf7 36. Qh3 Nxe4 37. fxe4 Qxe4 38. Re2 Qb1+ 39. Kh2 Qf5 40. Qf3 Qg4 41. Qf1 Qg3+ 42. Kh1 f3 43. Qa1+ Kh7 44. Qb1+ Kh6 45. gxf3 Qxf3+ 46. Rg2 Qf1+ 0-1

[Event "44th Chess Olympiad Women 2022"]
[Site "Chennai"]
[Date "2022.08.10"]
[Round "11.1"]
[White "Abrahamyan, Tatev"]
[Black "Kulkarni Bhakti"]
[Result "1-0"]
[ECO "C58"]
[WhiteElo "2291"]
[BlackElo "2373"]
[Annotator "ChessBase"]
[PlyCount "95"]
[EventDate "2022.07.29"]
[EventType "team-tourn"]
[EventCountry "IND"]
[SourceTitle "playchess.com"]
[Source "ChessBase"]
[SourceQuality "1"]
[WhiteTeam "United States"]
[BlackTeam "India"]
[WhiteTeamCountry "USA"]
[BlackTeamCountry "IND"]
[TimeControl "40/5400+30:1800+30"]

1. e4 e5 2. Nf3 Nc6 3. Bc4 Nf6 4. Ng5 d5 5. exd5 Na5 6. Bb5+ c6 7. dxc6 bxc6 8. Bd3 Nd5 9. h4 h6 10. Qh5 Qf6 11. Ne4 Qe6 12. Nbc3 Nf4 13. Qf3 Nxd3+ 14. Qxd3 f5 15. Ng3 Be7 16. b3 Rb8 17. Bb2 Rb4 18. O-O-O Rxh4 19. Rxh4 Bxh4 20. Re1 O-O 21. Na4 Rd8 22. Qc3 Bg5 23. Rxe5 Qf7 24. Qxa5 Bxd2+ 25. Qxd2 Rxd2 26. Kxd2 Qg6 27. Ne2 Kf7 28. Nf4 Qg5 29. g3 h5 30. Nc5 h4 31. Re3 Qh6 32. Nce6 Bxe6 33. Rxe6 Qg5 34. Rg6 Qd8+ 35. Ke2 Qe8+ 36. Kf1 Qe4 37. Rxg7+ Ke8 38. Bf6 Qh1+ 39. Ke2 Qe4+ 40. Kd2 Qb4+ 41. Kc1 h3 42. Nxh3 Qd6 43. Re7+ Kf8 44. Ng5 Qa3+ 45. Kb1 a6 46. Nh7+ Kg8 47. Rg7+ Kh8 48. Ng5 1-0

[Event "44th Chess Olympiad Women 2022"]
[Site "Chennai"]
[Date "2022.08.10"]
[Round "11.2"]
[White "Muzychuk, Mariya"]
[Black "Kashlinskaya, Alina"]
[Result "1-0"]
[ECO "C18"]
[WhiteElo "2540"]
[BlackElo "2505"]
[Annotator "ChessBase"]
[PlyCount "69"]
[EventDate "2022.07.29"]
[EventType "team-tourn"]
[EventCountry "IND"]
[SourceTitle "playchess.com"]
[Source "ChessBase"]
[SourceQuality "1"]
[WhiteTeam "Ukraine"]
[BlackTeam "Poland"]
[WhiteTeamCountry "UKR"]
[BlackTeamCountry "POL"]
[TimeControl "40/5400+30:1800+30"]

1. e4 e6 2. d4 d5 3. Nc3 Bb4 4. e5 Ne7 5. a3 Bxc3+ 6. bxc3 c5 7. Qg4 Qc7 8. Qxg7 Rg8 9. Qxh7 cxd4 10. Ne2 Nbc6 11. f4 dxc3 12. Qd3 d4 13. Nxd4 Nxd4 14. Qxd4 Bd7 15. Rg1 Nf5 16. Qf2 Qc6 17. Bd3 Qd5 18. Be3 Nxe3 19. Qxe3 Rxg2 20. Rxg2 Qxg2 21. Be4 Qxh2 22. O-O-O Bc6 23. Bxc6+ bxc6 24. Qd4 a5 25. f5 exf5 26. Kb1 Kf8 27. Qd6+ Kg8 28. Qe7 Qf2 29. Ka1 Qg2 30. e6 fxe6 31. Qxe6+ Kh8 32. Qxf5 Ra7 33. Rd8+ Kg7 34. Qf8+ Kg6 35. Rd6+ 1-0

[Event "44th Chess Olympiad Women 2022"]
[Site "Chennai"]
[Date "2022.08.10"]
[Round "11.2"]
[White "Ushenina, Anna"]
[Black "Kiolbasa, Oliwia"]
[Result "1-0"]
[ECO "D35"]
[WhiteElo "2423"]
[BlackElo "2376"]
[Annotator "ChessBase"]
[PlyCount "139"]
[EventDate "2022.07.29"]
[EventType "team-tourn"]
[EventCountry "IND"]
[SourceTitle "playchess.com"]
[Source "ChessBase"]
[SourceQuality "1"]
[WhiteTeam "Ukraine"]
[BlackTeam "Poland"]
[WhiteTeamCountry "UKR"]
[BlackTeamCountry "POL"]
[TimeControl "40/5400+30:1800+30"]

1. d4 d5 2. c4 e6 3. Nc3 Nf6 4. cxd5 exd5 5. Bg5 c6 6. e3 h6 7. Bh4 Be7 8. Bd3 O-O 9. Nge2 Re8 10. O-O Nbd7 11. f3 b5 12. Bf2 a5 13. Rc1 Ba6 14. Ng3 Bf8 15. e4 dxe4 16. fxe4 b4 17. Na4 Bxd3 18. Qxd3 Ng4 19. Qf3 Qh4 20. h3 Nxf2 21. Rxf2 Qf6 22. Qxf6 Nxf6 23. e5 Nd5 24. Rxc6 Rad8 25. Nf5 h5 26. Nc5 Ne7 27. Nxe7+ Bxe7 28. e6 fxe6 29. Nxe6 Rd7 30. Rf5 Bd6 31. Nc5 Bxc5 32. Rfxc5 h4 33. Rc8 Rxc8 34. Rxc8+ Kf7 35. Rc4 Ke6 36. Kf2 Kd5 37. Rc5+ Kxd4 38. Rxa5 Rc7 39. Ra4 Rc2+ 40. Kg1 Kc5 41. b3 Rc1+ 42. Kf2 Rc2+ 43. Kf3 Rc3+ 44. Kf2 Rc2+ 45. Kg1 g5 46. a3 bxa3 47. Rxa3 Kb5 48. Ra1 Rc5 49. Re1 Rf5 50. Rf1 Rd5 51. Rf3 Kc5 52. Kf2 Kd4 53. b4 Rb5 54. Rb3 Rf5+ 55. Ke2 Kc4 56. Rb1 g4 57. hxg4 Rf4 58. b5 Rxg4 59. Kf3 Rg3+ 60. Kf2 Rg7 61. b6 Rb7 62. Kf3 Kd5 63. Kg4 Ke5 64. Kxh4 Kf5 65. g4+ Kg6 66. Rb5 Kf6 67. g5+ Kg6 68. Kg4 Kg7 69. Kf5 Kf7 70. Ke4 1-0

[Event "44th Chess Olympiad Women 2022"]
[Site "Chennai"]
[Date "2022.08.10"]
[Round "11.2"]
[White "Socko, Monika"]
[Black "Muzychuk, Anna"]
[Result "1/2-1/2"]
[ECO "D14"]
[WhiteElo "2416"]
[BlackElo "2529"]
[Annotator "ChessBase"]
[PlyCount "61"]
[EventDate "2022.07.29"]
[EventType "team-tourn"]
[EventCountry "IND"]
[SourceTitle "playchess.com"]
[Source "ChessBase"]
[SourceQuality "1"]
[WhiteTeam "Poland"]
[BlackTeam "Ukraine"]
[WhiteTeamCountry "POL"]
[BlackTeamCountry "UKR"]
[TimeControl "40/5400+30:1800+30"]

1. d4 d5 2. c4 c6 3. cxd5 cxd5 4. Nc3 Nf6 5. Bf4 Nc6 6. e3 Bf5 7. Bd3 Bxd3 8. Qxd3 e6 9. Nf3 Bd6 10. Bxd6 Qxd6 11. O-O O-O 12. Rac1 Rac8 13. a3 Nd7 14. Na4 Ncb8 15. Rc2 Rc6 16. Rfc1 Rfc8 17. h3 h6 18. Rxc6 Rxc6 19. Rxc6 Nxc6 20. Qb5 b6 21. Nc3 Qc7 22. g3 Qc8 23. Kg2 Na5 24. Nd2 Nf6 25. Qb4 Nc6 26. Qb5 Ne8 27. Qa4 Nd6 28. Nb5 Nxb5 29. Qxb5 Na5 30. Nf3 Nc4 31. Qb4 1/2-1/2

[Event "44th Chess Olympiad Women 2022"]
[Site "Chennai"]
[Date "2022.08.10"]
[Round "11.2"]
[White "Malicka, Maria"]
[Black "Buksa, Nataliya"]
[Result "1/2-1/2"]
[ECO "C89"]
[WhiteElo "2393"]
[BlackElo "2401"]
[Annotator "ChessBase"]
[PlyCount "83"]
[EventDate "2022.07.29"]
[EventType "team-tourn"]
[EventCountry "IND"]
[SourceTitle "playchess.com"]
[Source "ChessBase"]
[SourceQuality "1"]
[WhiteTeam "Poland"]
[BlackTeam "Ukraine"]
[WhiteTeamCountry "POL"]
[BlackTeamCountry "UKR"]
[TimeControl "40/5400+30:1800+30"]

1. e4 e5 2. Nf3 Nc6 3. Bb5 a6 4. Ba4 Nf6 5. O-O Be7 6. Re1 b5 7. Bb3 O-O 8. c3 d5 9. d4 exd4 10. e5 Ne4 11. cxd4 Bf5 12. Be3 Qd7 13. Nfd2 Bb4 14. Bc2 f6 15. exf6 Rxf6 16. Nxe4 dxe4 17. Nc3 Bg4 18. Qb1 Nxd4 19. Bxe4 c6 20. Bxh7+ Kh8 21. Qe4 Bxc3 22. bxc3 Ne2+ 23. Kh1 Nxc3 24. Qc2 Nd5 25. Be4 Bf5 26. Bg5 Rf7 27. Rac1 Re8 28. f3 Nb4 29. Qb3 Bxe4 30. Qxb4 Bd5 31. a4 Rff8 32. axb5 axb5 33. Rxe8 Rxe8 34. Re1 Rxe1+ 35. Qxe1 Qd6 36. Be7 Qf4 37. Bc5 Kh7 38. Qb1+ Kg8 39. Qe1 Qc4 40. Qe8+ Kh7 41. Qh5+ Kg8 42. Qe8+ 1/2-1/2

[Event "44th Chess Olympiad Women 2022"]
[Site "Chennai"]
[Date "2022.08.10"]
[Round "11.3"]
[White "Batsiashvili, Nino"]
[Black "Balajayeva, Khanim"]
[Result "1-0"]
[ECO "A20"]
[WhiteElo "2466"]
[BlackElo "2344"]
[Annotator "ChessBase"]
[PlyCount "165"]
[EventDate "2022.07.29"]
[EventType "team-tourn"]
[EventCountry "IND"]
[SourceTitle "playchess.com"]
[Source "ChessBase"]
[SourceQuality "1"]
[WhiteTeam "Georgia"]
[BlackTeam "Azerbaijan"]
[WhiteTeamCountry "GEO"]
[BlackTeamCountry "AZE"]
[TimeControl "40/5400+30:1800+30"]

1. c4 e5 2. g3 Nf6 3. Bg2 c6 4. d4 e4 5. Nc3 d5 6. Bg5 Nbd7 7. cxd5 cxd5 8. Qa4 Qb6 9. Qb3 Qxd4 10. Rd1 Qb4 11. Nh3 h6 12. Bxf6 Nxf6 13. Nf4 Be6 14. O-O Qxb3 15. axb3 Rd8 16. Nb5 Bd6 17. Nxe6 fxe6 18. Nxa7 Be5 19. Nb5 Bxb2 20. f4 Ng4 21. Rd2 Bf6 22. Bh3 h5 23. Bxg4 hxg4 24. f5 Be5 25. fxe6 Ke7 26. Rf7+ Kxe6 27. Rxb7 d4 28. Rb6+ Kf5 29. Rd1 Rh6 30. Rf1+ Kg5 31. Rb7 Rc6 32. Na3 d3 33. Rb5 d2 34. Rxe5+ Kh6 35. Nc4 d1=Q 36. Rxd1 Rxd1+ 37. Kg2 Rb1 38. Rxe4 Ra6 39. Ne3 Rxb3 40. Nxg4+ Kg5 41. h4+ Kg6 42. Re5 Ra4 43. Rg5+ Kh7 44. Kf2 Ra2 45. Re5 Ra4 46. Nh2 Kg6 47. Nf3 Kf6 48. Re8 Kf7 49. Re5 Kf6 50. Re8 Kf7 51. Rc8 Rb5 52. Rc7+ Kg6 53. Rc6+ Kf7 54. Ng5+ Kf8 55. Re6 Raa5 56. Nf3 Kf7 57. Re4 Rc5 58. g4 Rcb5 59. Kg3 Rc5 60. Ng5+ Rxg5 61. hxg5 Rxg5 62. Kf4 Ra5 63. Re5 Ra1 64. Rb5 Rf1+ 65. Kg5 Re1 66. Rb7+ Kf8 67. Kg6 Rxe2 68. Rb8+ Ke7 69. Kxg7 Rg2 70. Rb4 Ke6 71. Kg6 Ke7 72. Rf4 Rg1 73. g5 Rg2 74. Kh6 Rg1 75. g6 Rg2 76. Kg7 Ke6 77. Rf1 Rg3 78. Kh7 Rh3+ 79. Kg8 Ke7 80. g7 Rh2 81. Re1+ Kd6 82. Re4 Kd7 83. Kf7 1-0

[Event "44th Chess Olympiad Women 2022"]
[Site "Chennai"]
[Date "2022.08.10"]
[Round "11.3"]
[White "Mammadzada, Gunay"]
[Black "Dzagnidze, Nana"]
[Result "1/2-1/2"]
[ECO "E04"]
[WhiteElo "2455"]
[BlackElo "2531"]
[Annotator "ChessBase"]
[PlyCount "70"]
[EventDate "2022.07.29"]
[EventType "team-tourn"]
[EventCountry "IND"]
[SourceTitle "playchess.com"]
[Source "ChessBase"]
[SourceQuality "1"]
[WhiteTeam "Azerbaijan"]
[BlackTeam "Georgia"]
[WhiteTeamCountry "AZE"]
[BlackTeamCountry "GEO"]
[TimeControl "40/5400+30:1800+30"]

1. d4 Nf6 2. c4 e6 3. Nf3 d5 4. g3 dxc4 5. Bg2 a6 6. O-O Nc6 7. e3 Bd7 8. Qe2 Bd6 9. Qxc4 O-O 10. Rd1 Rb8 11. Nbd2 Qe7 12. Qc2 Nb4 13. Qb3 Qe8 14. a4 b5 15. axb5 Bxb5 16. Nc4 Bc6 17. Bd2 Be7 18. Nfe5 Bxg2 19. Kxg2 c5 20. dxc5 Bxc5 21. Qa4 Qxa4 22. Rxa4 Rfc8 23. Bxb4 Rxb4 24. Rxa6 Nd5 25. e4 Ne7 26. Nd6 Bxd6 27. Raxd6 Rf8 28. Rd8 g6 29. Ng4 Rxd8 30. Rxd8+ Kg7 31. Rd7 Nc6 32. Rc7 h5 33. Rxc6 hxg4 34. e5 Rxb2 35. Rc4 Re2 1/2-1/2

[Event "44th Chess Olympiad Women 2022"]
[Site "Chennai"]
[Date "2022.08.10"]
[Round "11.3"]
[White "Arabidze, Meri"]
[Black "Fataliyeva, Ulviyya"]
[Result "1-0"]
[ECO "D11"]
[WhiteElo "2426"]
[BlackElo "2372"]
[Annotator "ChessBase"]
[PlyCount "143"]
[EventDate "2022.07.29"]
[EventType "team-tourn"]
[EventCountry "IND"]
[SourceTitle "playchess.com"]
[Source "ChessBase"]
[SourceQuality "1"]
[WhiteTeam "Georgia"]
[BlackTeam "Azerbaijan"]
[WhiteTeamCountry "GEO"]
[BlackTeamCountry "AZE"]
[TimeControl "40/5400+30:1800+30"]

1. d4 d5 2. c4 c6 3. Nf3 Nf6 4. g3 Bf5 5. Nc3 e6 6. Nh4 Be4 7. f3 Bg6 8. Qb3 Qd7 9. Be3 Be7 10. Nxg6 hxg6 11. Bg2 Na6 12. Bf2 Rb8 13. Rd1 Qc7 14. O-O Qa5 15. cxd5 cxd5 16. h3 Qb4 17. Qc2 Qc4 18. e4 O-O 19. e5 Nd7 20. Rfe1 b5 21. Bf1 Qc6 22. Rc1 Bb4 23. Qd3 Qb6 24. a3 Bxc3 25. Rxc3 Rb7 26. Rec1 Nab8 27. Rc8 a6 28. h4 Qa7 29. b3 Rxc8 30. Rxc8+ Nf8 31. Qc2 Nbd7 32. g4 Rb8 33. Rc7 Rb7 34. Rc6 Rb6 35. Rc3 a5 36. Rc8 Rb7 37. Rc6 Rb6 38. Rc8 Rb7 39. a4 bxa4 40. bxa4 Nb6 41. Rc6 Nfd7 42. Kg2 Nb8 43. Rc5 N8d7 44. Rc3 Nb8 45. h5 gxh5 46. gxh5 N8d7 47. Bb5 Qb8 48. f4 Nc4 49. f5 exf5 50. Qxf5 Qd8 51. Qg4 Nf8 52. Bh4 Qb6 53. Bf6 g6 54. hxg6 fxg6 55. Rxc4 dxc4 56. Bxc4+ Rf7 57. Bxf7+ Kxf7 58. Qf3 Qe6 59. d5 Qf5 60. Bg5 Qxf3+ 61. Kxf3 Ke8 62. e6 Nh7 63. Kf4 Nf8 64. Ke5 Nh7 65. Bd2 g5 66. Bxa5 g4 67. d6 Nf8 68. Bb6 g3 69. a5 g2 70. a6 Ng6+ 71. Kf6 Ne7 72. d7+ 1-0

[Event "44th Chess Olympiad Women 2022"]
[Site "Chennai"]
[Date "2022.08.10"]
[Round "11.3"]
[White "Beydullayeva, Govhar"]
[Black "Javakhishvili, Lela"]
[Result "1/2-1/2"]
[ECO "A37"]
[WhiteElo "2390"]
[BlackElo "2476"]
[Annotator "ChessBase"]
[PlyCount "61"]
[EventDate "2022.07.29"]
[EventType "team-tourn"]
[EventCountry "IND"]
[SourceTitle "playchess.com"]
[Source "ChessBase"]
[SourceQuality "1"]
[WhiteTeam "Azerbaijan"]
[BlackTeam "Georgia"]
[WhiteTeamCountry "AZE"]
[BlackTeamCountry "GEO"]
[TimeControl "40/5400+30:1800+30"]

1. Nf3 c5 2. c4 Nc6 3. Nc3 e5 4. g3 g6 5. Bg2 Bg7 6. d3 Nge7 7. O-O O-O 8. Bg5 f6 9. Bd2 d6 10. a3 Be6 11. Ne1 a5 12. Nd5 Rb8 13. Nxe7+ Qxe7 14. Nc2 Qd7 15. b4 axb4 16. axb4 cxb4 17. Nxb4 Nxb4 18. Bxb4 Rfd8 19. Ba5 b6 20. Bd2 b5 21. cxb5 Rxb5 22. Ra6 d5 23. Qa4 Bf7 24. Rc1 Rbb8 25. Qa5 Rb5 26. Qa4 Rbb8 27. Qa5 Rb5 28. Qa4 Rbb8 29. Qa5 Rb5 30. Qa4 Rbb8 31. Qa5 1/2-1/2

[Event "44th Chess Olympiad Women 2022"]
[Site "Chennai"]
[Date "2022.08.10"]
[Round "11.4"]
[White "Abdumalik, Zhansaya"]
[Black "Karavade, Eesha"]
[Result "1-0"]
[ECO "C45"]
[WhiteElo "2495"]
[BlackElo "2339"]
[Annotator "ChessBase"]
[PlyCount "89"]
[EventDate "2022.07.29"]
[EventType "team-tourn"]
[EventCountry "IND"]
[SourceTitle "playchess.com"]
[Source "ChessBase"]
[SourceQuality "1"]
[WhiteTeam "Kazakhstan"]
[BlackTeam "India"]
[WhiteTeamCountry "KAZ"]
[BlackTeamCountry "IND"]
[TimeControl "40/5400+30:1800+30"]

1. e4 e5 2. Nf3 Nc6 3. d4 exd4 4. Nxd4 Qf6 5. Nb3 Qg6 6. f3 Bb4+ 7. Kf2 Nge7 8. a3 Bd6 9. Nc3 Be5 10. Ne2 d6 11. f4 Bf6 12. Qd3 h5 13. Nbd4 Bd7 14. Nf3 O-O-O 15. c4 Bg4 16. Nc3 Bxf3 17. gxf3 Bd4+ 18. Ke2 f5 19. Bh3 Kb8 20. Be3 Bxe3 21. Qxe3 Rhe8 22. Rad1 Qf7 23. Nd5 fxe4 24. fxe4 Na5 25. b3 Nxb3 26. Qxb3 Nxd5 27. Rxd5 Rxe4+ 28. Kd1 Qxf4 29. Rf1 Qxh2 30. Rd2 Qe5 31. Bg2 Re8 32. Bxe4 Qxe4 33. Qd3 Qg4+ 34. Kc2 a6 35. Qd4 Qh3 36. Qd3 Re3 37. Rf8+ Ka7 38. Qd4+ c5 39. Qxg7 Rxa3 40. Qb2 Re3 41. Qh8 Kb6 42. Rb8 Ka5 43. Rxb7 Qh1 44. Rb3 Qe4+ 45. Kb2 1-0

[Event "44th Chess Olympiad Women 2022"]
[Site "Chennai"]
[Date "2022.08.10"]
[Round "11.4"]
[White "Nandhidhaa, P V"]
[Black "Assaubayeva, Bibisara"]
[Result "0-1"]
[ECO "B22"]
[WhiteElo "2312"]
[BlackElo "2436"]
[Annotator "ChessBase"]
[PlyCount "78"]
[EventDate "2022.07.29"]
[EventType "team-tourn"]
[EventCountry "IND"]
[SourceTitle "playchess.com"]
[Source "ChessBase"]
[SourceQuality "1"]
[WhiteTeam "India"]
[BlackTeam "Kazakhstan"]
[WhiteTeamCountry "IND"]
[BlackTeamCountry "KAZ"]
[TimeControl "40/5400+30:1800+30"]

1. e4 c5 2. c3 Nf6 3. e5 Nd5 4. d4 cxd4 5. Nf3 Nc6 6. cxd4 d6 7. Bc4 e6 8. O-O Be7 9. Qe2 O-O 10. Nc3 dxe5 11. dxe5 Nxc3 12. bxc3 Qc7 13. Bd3 Rd8 14. h4 b6 15. h5 Bb7 16. h6 g6 17. Bf4 Rd7 18. Be4 Rad8 19. Rad1 Na5 20. Bxb7 Nxb7 21. Rxd7 Qxd7 22. Nd4 Nc5 23. Qe3 Bf8 24. Bg5 Rc8 25. Rc1 Qd5 26. Nb5 Ne4 27. Bf4 Nxf2 28. Nd6 Ng4 29. Qg3 Bxd6 30. exd6 f5 31. Bg5 e5 32. Be7 Kf7 33. Qe1 Ke6 34. g3 Kd7 35. Qe2 Rxc3 36. Rxc3 Qd4+ 37. Kf1 Qxc3 38. Qa6 Qf3+ 39. Ke1 Qf2+ 0-1

[Event "44th Chess Olympiad Women 2022"]
[Site "Chennai"]
[Date "2022.08.10"]
[Round "11.4"]
[White "Pratyusha, Bodda"]
[Black "Nakhbayeva, Guliskhan"]
[Result "1-0"]
[ECO "D00"]
[WhiteElo "2310"]
[BlackElo "2329"]
[Annotator "ChessBase"]
[PlyCount "81"]
[EventDate "2022.07.29"]
[EventType "team-tourn"]
[EventCountry "IND"]
[SourceTitle "playchess.com"]
[Source "ChessBase"]
[SourceQuality "1"]
[WhiteTeam "India"]
[BlackTeam "Kazakhstan"]
[WhiteTeamCountry "IND"]
[BlackTeamCountry "KAZ"]
[TimeControl "40/5400+30:1800+30"]

1. d4 Nf6 2. Bf4 d5 3. e3 c5 4. c3 Nc6 5. Nd2 Bf5 6. Ngf3 e6 7. Qb3 Qc8 8. c4 cxd4 9. Nxd4 Bb4 10. Nxf5 dxc4 11. Qxb4 Nxb4 12. Nd6+ Kd7 13. Nxc8 Nc2+ 14. Kd1 Nxa1 15. Nd6 Ng4 16. Bg3 Nxf2+ 17. Bxf2 Kxd6 18. Bxc4 Rhc8 19. Bd3 b5 20. Ne4+ Ke7 21. Kd2 f5 22. Ng3 Rc7 23. Rxa1 Rd8 24. Ke2 Rcd7 25. Rd1 g6 26. Nxf5+ Kf7 27. Bh4 Rb8 28. Nd4 Kg8 29. Nxe6 a6 30. b4 Re8 31. Nc5 Rd4 32. Bf6 Rxb4 33. Bc2 Rc8 34. Bb3+ Kf8 35. Be6 Ra8 36. a3 Rc4 37. Bxc4 bxc4 38. Rd8+ Rxd8 39. Bxd8 Ke8 40. Bg5 a5 41. e4 1-0

[Event "44th Chess Olympiad Women 2022"]
[Site "Chennai"]
[Date "2022.08.10"]
[Round "11.4"]
[White "Balabayeva, Xeniya"]
[Black "Sahithi Varshini M"]
[Result "1/2-1/2"]
[ECO "B51"]
[WhiteElo "2198"]
[BlackElo "2312"]
[Annotator "ChessBase"]
[PlyCount "152"]
[EventDate "2022.07.29"]
[EventType "team-tourn"]
[EventCountry "IND"]
[SourceTitle "playchess.com"]
[Source "ChessBase"]
[SourceQuality "1"]
[WhiteTeam "Kazakhstan"]
[BlackTeam "India"]
[WhiteTeamCountry "KAZ"]
[BlackTeamCountry "IND"]
[TimeControl "40/5400+30:1800+30"]

1. e4 c5 2. Nf3 Nc6 3. Bb5 d6 4. O-O Bd7 5. Re1 Nf6 6. c3 a6 7. Bf1 Bg4 8. h3 Bxf3 9. Qxf3 g6 10. d3 Bg7 11. Be3 Nd7 12. Nd2 O-O 13. Qd1 b5 14. Nf3 Qb6 15. Qd2 Qb7 16. Bh6 Rfd8 17. Bxg7 Kxg7 18. d4 Nb6 19. Rad1 cxd4 20. Nxd4 e5 21. Nf3 Rd7 22. Nh2 h5 23. Be2 Rh8 24. Bf3 Nd8 25. h4 Ne6 26. g3 Rdd8 27. Bg2 Qe7 28. Nf1 Nc4 29. Qe2 Nc5 30. b3 Nb6 31. Ne3 Qb7 32. Qc2 Qc7 33. Qd2 Ne6 34. Rc1 Rb8 35. Red1 Rhd8 36. Qe2 Qe7 37. Bh3 Nc7 38. Qf3 a5 39. Rd2 b4 40. cxb4 axb4 41. Qe2 d5 42. Rdc2 Nba8 43. Nxd5 Nxd5 44. exd5 Rxd5 45. Bg2 Ra5 46. Be4 Ra7 47. Bxa8 Rbxa8 48. Re1 Ra5 49. Rd1 R8a6 50. Re1 Ra8 51. Rd1 R8a7 52. Re1 R7a6 53. Qe4 Ra7 54. Qe2 Qf6 55. Kg2 R7a6 56. Rd1 Qe6 57. Re1 Rc6 58. Rxc6 Qxc6+ 59. Qe4 Qd6 60. Re2 Rd5 61. Rc2 f5 62. Qc4 Rd4 63. Qc8 Qd8 64. Rc7+ Kh6 65. Qxd8 Rxd8 66. Rb7 Rd4 67. Kf3 Rd3+ 68. Kg2 Rd4 69. Kf3 f4 70. gxf4 Rxf4+ 71. Kg3 Rg4+ 72. Kh3 Rf4 73. Kg3 Rg4+ 74. Kh3 Rf4 75. Kg3 Rg4+ 76. Kh3 Rf4 1/2-1/2

[Event "44th Chess Olympiad Women 2022"]
[Site "Chennai"]
[Date "2022.08.10"]
[Round "11.5"]
[White "Padmini, Rout"]
[Black "Repkova, Eva"]
[Result "0-1"]
[ECO "C54"]
[WhiteElo "2374"]
[BlackElo "2303"]
[Annotator "ChessBase"]
[PlyCount "104"]
[EventDate "2022.07.29"]
[EventType "team-tourn"]
[EventCountry "IND"]
[SourceTitle "playchess.com"]
[Source "ChessBase"]
[SourceQuality "1"]
[WhiteTeam "India"]
[BlackTeam "Slovakia"]
[WhiteTeamCountry "IND"]
[BlackTeamCountry "SVK"]
[TimeControl "40/5400+30:1800+30"]

1. e4 e5 2. Nf3 Nc6 3. Bc4 Bc5 4. c3 Nf6 5. d4 exd4 6. e5 d5 7. Bb5 Ne4 8. cxd4 Bb6 9. Nc3 O-O 10. Be3 Bg4 11. h3 Bh5 12. Qc2 Bg6 13. Qb3 Ba5 14. O-O Bxc3 15. bxc3 Na5 16. Qb2 c6 17. Be2 f6 18. exf6 Qxf6 19. Ne5 Bf5 20. c4 dxc4 21. Nxc4 Nxc4 22. Bxc4+ Kh8 23. Rfe1 Qg6 24. Kh2 Nd6 25. Bf1 Be4 26. f3 Bd5 27. Bf2 Rf7 28. Bg3 Raf8 29. Be5 Bxf3 30. Re3 Bxg2 31. Rg3 Bxf1 32. Rxg6 hxg6 33. Kg1 Ne4 34. Qc2 Ng5 35. Qxg6 Nf3+ 36. Kh1 Bc4 37. Qh5+ Kg8 38. Kg2 Rf5 39. Qg4 Rg5 40. Kg3 Rxg4+ 41. hxg4 Nxe5 42. dxe5 Kf7 43. Kf4 Ke6+ 44. Kg5 Kxe5 45. a4 a5 46. Kg6 Rf7 47. g5 Re7 48. Kh7 Bd3+ 49. Kg8 g6 50. Kf8 Rh7 51. Ke8 Kf4 52. Kd8 Kxg5 0-1

[Event "44th Chess Olympiad Women 2022"]
[Site "Chennai"]
[Date "2022.08.10"]
[Round "11.5"]
[White "Divya Deshmukh"]
[Black "Sucikova, Svetlana"]
[Result "1-0"]
[ECO "B12"]
[WhiteElo "2319"]
[BlackElo "2188"]
[Annotator "ChessBase"]
[PlyCount "65"]
[EventDate "2022.07.29"]
[EventType "team-tourn"]
[EventCountry "IND"]
[SourceTitle "playchess.com"]
[Source "ChessBase"]
[SourceQuality "1"]
[WhiteTeam "India"]
[BlackTeam "Slovakia"]
[WhiteTeamCountry "IND"]
[BlackTeamCountry "SVK"]
[TimeControl "40/5400+30:1800+30"]

1. e4 c6 2. d4 d5 3. e5 Bf5 4. h4 h5 5. Bg5 Qb6 6. Bd3 Qxd4 7. Nf3 Qg4 8. Bxf5 Qxf5 9. c4 Qe4+ 10. Be3 e6 11. cxd5 Bb4+ 12. Nc3 Qxd5 13. Qc2 Ne7 14. O-O Bxc3 15. Qxc3 Na6 16. Ng5 Rd8 17. Bxa7 Qd3 18. Rfd1 Qxd1+ 19. Rxd1 Rxd1+ 20. Kh2 Rd7 21. Ne4 Nf5 22. Nc5 Nxc5 23. Bxc5 f6 24. exf6 Rg8 25. fxg7 Kf7 26. Bf8 Nxg7 27. Bxg7 Rxg7 28. Qf3+ Kg6 29. Qe4+ Kf6 30. Qf4+ Ke7 31. Qh6 Rf7 32. Qxh5 Rxf2 33. Qc5+ 1-0